| TOP OF THE 1ST |
|
State College Spikes batting - Pitching for Los Angeles (NYP) Dodgers : RHP Willie Alvarado
|
|
Pitching: RHP Willie Alvarado
|
|
|
Batting: RHB Robby Hickman
|
0-0: Called Strike 0-1: Foul Ball, location: 2F 0-2: Ball 1-2: Ball 2-2: Strikes out swinging
|
|
Batting: RHB Tommy Tracy
|
0-0: Ball 1-0: Called Strike 1-1: Swinging Strike 1-2: Strikes out swinging
|
|
Batting: LHB Ken Morehead
|
0-0: Called Strike 0-1: Called Strike 0-2: Ball 1-2: Ball 2-2: Ball 3-2: Foul Ball, location: 2F 3-2: Foul Ball, location: 2F 3-2: Foul Ball, location: 2F 3-2: Strikes out looking
|
| Top of the 1st over - 0 runs, 0 hits, 0 errors, 0 left on base; State College 0 - Los Angeles (NYP) 0 |
| BOTTOM OF THE 1ST |
|
Los Angeles (NYP) Dodgers batting - Pitching for State College Spikes : RHP T.J. Stahlman
|
|
Pitching: RHP T.J. Stahlman
|
|
|
Batting: SHB Alex Noval
|
0-0: Foul Ball, location: 2F 0-1: Ball 1-1: Swinging Strike 1-2: Strikes out swinging
|
|
Batting: RHB Chad Rojas
|
0-0: SINGLE (Groundball, 6D, EV 105.0 MPH)
|
|
Batting: RHB Tommy Hunter
|
0-0: Ball 1-0: Ball 2-0: Called Strike 2-1: Ball 3-1: Base on Balls Chad Rojas to second
|
|
Batting: RHB Juan Gallegos
|
0-0: Foul Ball, location: 2F 0-1: Grounds into double play, 4-6-3 (Groundball, 4, EV 103.8 MPH)
|
| Bottom of the 1st over - 0 runs, 1 hit, 0 errors, 1 left on base; State College 0 - Los Angeles (NYP) 0 |
| TOP OF THE 2ND |
|
State College Spikes batting - Pitching for Los Angeles (NYP) Dodgers : RHP Willie Alvarado
|
|
Batting: RHB Sam Daw
|
0-0: Called Strike 0-1: Swinging Strike 0-2: Ground out 5-3 (Groundball, 56S, EV 85.0 MPH)
|
|
Batting: RHB Bobby Miles
|
0-0: Ball 1-0: Foul Ball, location: 2F 1-1: Swinging Strike 1-2: Foul Ball, location: 2F 1-2: Foul Ball, location: 2F 1-2: Strikes out swinging, 2-3 out at first.
|
|
Batting: RHB Kyle Burns
|
0-0: Ball 1-0: Ball 2-0: Ball 3-0: Base on Balls
|
|
Batting: RHB Alex Melgoza
|
0-0: Ball 1-0: Swinging Strike 1-1: Foul Ball, location: 2F 1-2: Strikes out looking
|
| Top of the 2nd over - 0 runs, 0 hits, 0 errors, 1 left on base; State College 0 - Los Angeles (NYP) 0 |
| BOTTOM OF THE 2ND |
|
Los Angeles (NYP) Dodgers batting - Pitching for State College Spikes : RHP T.J. Stahlman
|
|
Batting: RHB Manny Mendoza
|
0-0: Called Strike 0-1: Foul Ball, location: 2F 0-2: Fly out, F6 (Popup, 6M, EV 74.4 MPH)
|
|
Batting: RHB Brad Brady
|
0-0: Ball 1-0: Ball 2-0: SINGLE (Line Drive, 9S, EV 112.5 MPH)
|
|
Batting: RHB Bob Magana
|
0-0: Foul Ball, location: 2F 0-1: Fielders Choice at 2nd, 5-4 (Groundball, 56S, EV 91.9 MPH)
|
|
Batting: SHB Josh Vaill
|
0-0: Called Strike 0-1: Ball 1-1: Swinging Strike 1-2: Ball 2-2: Strikes out swinging
|
| Bottom of the 2nd over - 0 runs, 1 hit, 0 errors, 1 left on base; State College 0 - Los Angeles (NYP) 0 |
| TOP OF THE 3RD |
|
State College Spikes batting - Pitching for Los Angeles (NYP) Dodgers : RHP Willie Alvarado
|
|
Batting: SHB Hank Arias
|
0-0: Ball 1-0: Foul Ball, location: 2F 1-1: Ball 2-1: Foul Ball, location: 2F 2-2: Strikes out swinging
|
|
Batting: RHB Richard Riggs
|
0-0: Foul Ball, location: 2F 0-1: Ground out 1-3 (Groundball, 13S, EV 65.0 MPH)
|
|
Batting: RHB Robby Hickman
|
0-0: Foul Ball, location: 2F 0-1: SINGLE (Groundball, 6MD, EV 106.9 MPH)
|
|
Batting: RHB Tommy Tracy
|
0-0: Ball 1-0: Foul Ball, location: 2F Pickoff Throw to First - Out! 1-3
|
| Top of the 3rd over - 0 runs, 1 hit, 0 errors, 0 left on base; State College 0 - Los Angeles (NYP) 0 |
| BOTTOM OF THE 3RD |
|
Los Angeles (NYP) Dodgers batting - Pitching for State College Spikes : RHP T.J. Stahlman
|
|
Batting: LHB Bobby Gambrell
|
0-0: Called Strike 0-1: Ball 1-1: Hit by Pitch
|
|
Batting: SHB Alex Noval
|
0-0: Called Strike Bobby Gambrell steals 2nd base 0-1: Ball 1-1: Called Strike Bobby Gambrell is caught stealing 3rd base 2-5 1-2: Fly out, F8 (Flyball, 78D, EV 85.6 MPH)
|
|
Batting: RHB Chad Rojas
|
0-0: Ball 1-0: Ball 2-0: Ground out U3 (Groundball, 34, EV 85.0 MPH)
|
| Bottom of the 3rd over - 0 runs, 0 hits, 0 errors, 0 left on base; State College 0 - Los Angeles (NYP) 0 |
| TOP OF THE 4TH |
|
State College Spikes batting - Pitching for Los Angeles (NYP) Dodgers : RHP Willie Alvarado
|
|
Batting: RHB Tommy Tracy
|
0-0: Ball 1-0: Foul Ball, location: 2F 1-1: Ball 2-1: SINGLE (Groundball, 4MD, EV 98.8 MPH)
|
|
Batting: LHB Ken Morehead
|
0-0: Swinging Strike 0-1: Ball 1-1: Called Strike 1-2: Strikes out swinging
|
|
Batting: RHB Sam Daw
|
0-0: Ball 1-0: Ball 2-0: Ball 3-0: Base on Balls Tommy Tracy to second
|
|
Batting: RHB Bobby Miles
|
0-0: Foul Ball, location: 2F 0-1: Ball 1-1: Foul Ball, location: 2F 1-2: Ball 2-2: Ball 3-2: Strikes out looking
|
|
Batting: RHB Kyle Burns
|
0-0: Ball 1-0: Called Strike 1-1: Called Strike 1-2: Foul Ball, location: 2F 1-2: Ground out 3-1 (Groundball, 34, EV 106.9 MPH)
|
| Top of the 4th over - 0 runs, 1 hit, 0 errors, 2 left on base; State College 0 - Los Angeles (NYP) 0 |
| BOTTOM OF THE 4TH |
|
Los Angeles (NYP) Dodgers batting - Pitching for State College Spikes : RHP T.J. Stahlman
|
|
Batting: RHB Tommy Hunter
|
0-0: Called Strike 0-1: Swinging Strike 0-2: Ball 1-2: Strikes out swinging
|
|
Batting: RHB Juan Gallegos
|
0-0: Called Strike 0-1: Fly out, F7 (Flyball, 78M, EV 72.5 MPH)
|
|
Batting: RHB Manny Mendoza
|
0-0: Called Strike 0-1: Swinging Strike 0-2: Ball 1-2: SOLO HOME RUN (Flyball, 7D, EV 98.1 MPH), Distance : 389 ft
|
|
Batting: RHB Brad Brady
|
0-0: Called Strike 0-1: Ball 1-1: Foul Ball, location: 2F 1-2: Ball 2-2: Ball 3-2: Ground out 5-3 (Groundball, 56, EV 96.9 MPH)
|
| Bottom of the 4th over - 1 run, 1 hit, 0 errors, 0 left on base; State College 0 - Los Angeles (NYP) 1 |
| TOP OF THE 5TH |
|
State College Spikes batting - Pitching for Los Angeles (NYP) Dodgers : RHP Willie Alvarado
|
|
Batting: RHB Alex Melgoza
|
0-0: Called Strike 0-1: Ball 1-1: Called Strike 1-2: Strikes out swinging
|
|
Batting: SHB Hank Arias
|
0-0: Called Strike 0-1: Foul Ball, location: 2F 0-2: Ball 1-2: Ball 2-2: DOUBLE (Line Drive, 9LS, EV 100.6 MPH)
|
|
Batting: RHB Richard Riggs
|
0-0: Called Strike 0-1: Ball 1-1: Ball 2-1: Foul Ball, location: 2F 2-2: Foul Ball, location: 2F 2-2: Strikes out swinging
|
|
Batting: RHB Robby Hickman
|
0-0: Fly out, F8 (Flyball, 89M, EV 82.5 MPH)
|
| Top of the 5th over - 0 runs, 1 hit, 0 errors, 1 left on base; State College 0 - Los Angeles (NYP) 1 |
| BOTTOM OF THE 5TH |
|
Los Angeles (NYP) Dodgers batting - Pitching for State College Spikes : RHP T.J. Stahlman
|
|
Batting: RHB Bob Magana
|
0-0: Called Strike 0-1: Ball 1-1: Called Strike 1-2: Foul Ball, location: 2F 1-2: Fly out, F9 (Flyball, 9, EV 81.9 MPH)
|
|
Batting: SHB Josh Vaill
|
0-0: Ground out 3-1 (Groundball, 34, EV 84.4 MPH)
|
|
Batting: LHB Bobby Gambrell
|
0-0: Foul Ball, location: 2F 0-1: Swinging Strike 0-2: Strikes out swinging
|
| Bottom of the 5th over - 0 runs, 0 hits, 0 errors, 0 left on base; State College 0 - Los Angeles (NYP) 1 |
| TOP OF THE 6TH |
|
State College Spikes batting - Pitching for Los Angeles (NYP) Dodgers : RHP Willie Alvarado
|
|
Batting: RHB Tommy Tracy
|
0-0: Ball 1-0: Ball 2-0: Called Strike 2-1: Ball 3-1: Called Strike 3-2: Foul Ball, location: 2F 3-2: Foul Ball, location: 2F 3-2: SINGLE (Line Drive, 4D, EV 96.2 MPH)
|
|
Batting: LHB Ken Morehead
|
0-0: Ball 1-0: Called Strike 1-1: Called Strike 1-2: Foul Ball, location: 2F 1-2: Ball 2-2: Foul Ball, location: 2F 2-2: Foul Ball, location: 2F 2-2: Ball 3-2: Foul Ball, location: 2F 3-2: DOUBLE (Line Drive, 78D, EV 105.0 MPH) Tommy Tracy to third Tommy Tracy scores
|
|
Pitching: RHP Nick Vigh
|
|
|
Batting: RHB Sam Daw
|
0-0: Ball 1-0: Ground out 6-3 (Groundball, 56, EV 108.1 MPH)
|
|
Batting: RHB Bobby Miles
|
0-0: Called Strike 0-1: Ball 1-1: Foul Ball, location: 2F 1-2: Ball 2-2: Foul Ball, location: 2F 2-2: Foul Ball, location: 2F 2-2: Foul Ball, location: 2F 2-2: Strikes out looking
|
|
Batting: RHB Kyle Burns
|
0-0: Foul Ball, location: 2F 0-1: Foul Ball, location: 2F 0-2: Strikes out swinging
|
| Top of the 6th over - 1 run, 2 hits, 0 errors, 1 left on base; State College 1 - Los Angeles (NYP) 1 |
| BOTTOM OF THE 6TH |
|
Los Angeles (NYP) Dodgers batting - Pitching for State College Spikes : RHP T.J. Stahlman
|
|
Batting: SHB Alex Noval
|
0-0: Called Strike 0-1: Ball 1-1: Foul Ball, location: 2F 1-2: Ground out 5-3 (Groundball, 56, EV 105.0 MPH)
|
|
Batting: RHB Chad Rojas
|
0-0: Ball 1-0: Ball 2-0: Called Strike 2-1: Ball 3-1: Called Strike 3-2: Foul Ball, location: 2F 3-2: Ground out 6-3 (Groundball, 6, EV 80.6 MPH)
|
|
Batting: RHB Tommy Hunter
|
0-0: Called Strike 0-1: Fly out, F9 (Flyball, 9S, EV 82.5 MPH)
|
| Bottom of the 6th over - 0 runs, 0 hits, 0 errors, 0 left on base; State College 1 - Los Angeles (NYP) 1 |
| TOP OF THE 7TH |
|
State College Spikes batting - Pitching for Los Angeles (NYP) Dodgers : RHP Nick Vigh
|
|
Batting: RHB Alex Melgoza
|
0-0: Swinging Strike 0-1: Foul Ball, location: 2F 0-2: Strikes out swinging
|
|
Batting: SHB Hank Arias
|
0-0: Swinging Strike 0-1: Foul Ball, location: 2F 0-2: Ground out 5-3 (Groundball, 5S, EV 86.2 MPH)
|
|
Batting: RHB Richard Riggs
|
0-0: Called Strike 0-1: SINGLE (Groundball, 6MS, EV 72.5 MPH) (infield hit)
|
|
Batting: RHB Robby Hickman
|
0-0: Called Strike 0-1: Called Strike 0-2: Ball 1-2: Ball 2-2: Ball 3-2: Base on Balls Richard Riggs to second
|
|
Pinch Hitting: LHB Colin Worthington
|
0-0: Called Strike 0-1: Ball 1-1: Ball 2-1: Called Strike 2-2: Ball 3-2: Foul Ball, location: 2F 3-2: Foul Ball, location: 2F 3-2: Foul Ball, location: 2F 3-2: Base on Balls Richard Riggs to third Robby Hickman to second
|
|
Pitching: RHP Ramon Luna
|
|
|
Batting: LHB Ken Morehead
|
0-0: Foul Ball, location: 2F 0-1: Ball 1-1: Swinging Strike 1-2: Strikes out swinging
|
| Top of the 7th over - 0 runs, 1 hit, 0 errors, 3 left on base; State College 1 - Los Angeles (NYP) 1 |
| BOTTOM OF THE 7TH |
|
Los Angeles (NYP) Dodgers batting - Pitching for State College Spikes : RHP T.J. Stahlman
|
|
Now in RF: Colin Worthington
|
|
|
Batting: RHB Juan Gallegos
|
0-0: Foul Ball, location: 2F 0-1: Foul Ball, location: 2F 0-2: Ball 1-2: Ball 2-2: Fly out, F8 (Flyball, 8LM, EV 93.8 MPH)
|
|
Batting: RHB Manny Mendoza
|
0-0: SINGLE (Flyball, 78S, EV 94.4 MPH)
|
|
Batting: RHB Brad Brady
|
0-0: Called Strike 0-1: Called Strike 0-2: Ball 1-2: Ball 2-2: Ball 3-2: Strikes out looking
|
|
Batting: RHB Bob Magana
|
0-0: Ball 1-0: Called Strike 1-1: Foul Ball, location: 2F 1-2: Strikes out swinging
|
| Bottom of the 7th over - 0 runs, 1 hit, 0 errors, 1 left on base; State College 1 - Los Angeles (NYP) 1 |
| TOP OF THE 8TH |
|
State College Spikes batting - Pitching for Los Angeles (NYP) Dodgers : RHP Ramon Luna
|
|
Batting: RHB Sam Daw
|
0-0: Called Strike 0-1: Ball 1-1: Foul Ball, location: 2F 1-2: Foul Ball, location: 2F 1-2: Fly out, F7 (Flyball, 78D, EV 96.9 MPH)
|
|
Batting: RHB Bobby Miles
|
0-0: Called Strike 0-1: Ball 1-1: Foul Ball, location: 2F 1-2: Fly out, F8 (Flyball, 8RD, EV 94.4 MPH)
|
|
Batting: RHB Kyle Burns
|
0-0: Fly out, F8 (Flyball, 8LS, EV 81.2 MPH)
|
| Top of the 8th over - 0 runs, 0 hits, 0 errors, 0 left on base; State College 1 - Los Angeles (NYP) 1 |
| BOTTOM OF THE 8TH |
|
Los Angeles (NYP) Dodgers batting - Pitching for State College Spikes : RHP T.J. Stahlman
|
|
Batting: SHB Josh Vaill
|
0-0: Called Strike 0-1: Ball 1-1: Foul Ball, location: 2F 1-2: Strikes out swinging
|
|
Batting: LHB Bobby Gambrell
|
0-0: Foul Ball, location: 2F 0-1: Ground out 4-3 (Groundball, 4, EV 103.1 MPH)
|
|
Batting: SHB Alex Noval
|
0-0: Ball 1-0: SINGLE (Line Drive, 7LS, EV 100.6 MPH)
|
|
Batting: RHB Chad Rojas
|
0-0: Swinging Strike 0-1: Foul Ball, location: 2F 0-2: Ball 1-2: Foul Ball, location: 2F 1-2: Ball 2-2: Hit by Pitch Alex Noval to second
|
|
Batting: RHB Tommy Hunter
|
0-0: Called Strike 0-1: Fielders Choice at 2nd, 5-4 (Groundball, 56, EV 85.0 MPH)
|
| Bottom of the 8th over - 0 runs, 1 hit, 0 errors, 2 left on base; State College 1 - Los Angeles (NYP) 1 |
| TOP OF THE 9TH |
|
State College Spikes batting - Pitching for Los Angeles (NYP) Dodgers : RHP Ramon Luna
|
|
Pitching: RHP Jared Wisham
|
|
|
Batting: LHB Dwain Ashford
|
0-0: Ball 1-0: Foul Ball, location: 2F 1-1: Foul Ball, location: 2F 1-2: Foul Ball, location: 2F 1-2: Strikes out swinging
|
|
Batting: SHB Hank Arias
|
0-0: Ball 1-0: Ball 2-0: Swinging Strike 2-1: Ball 3-1: SINGLE (Line Drive, 6MD, EV 101.9 MPH)
|
|
Pinch Hitting: LHB Billy Lang
|
0-0: Ball Hank Arias steals 2nd base 1-0: Called Strike Hank Arias steals 3rd, throwing error, E2 Hank Arias scores 1-1: Ball 2-1: Foul Ball, location: 2F 2-2: Ball 3-2: Foul Ball, location: 2F 3-2: Foul Ball, location: 2F 3-2: Base on Balls
|
|
Batting: RHB Robby Hickman
|
0-0: Swinging Strike 0-1: Swinging Strike 0-2: Ball Billy Lang is caught stealing 2nd base 2-4 1-2: Ball 2-2: Strikes out looking
|
| Top of the 9th over - 1 run, 1 hit, 1 error, 0 left on base; State College 2 - Los Angeles (NYP) 1 |
| BOTTOM OF THE 9TH |
|
Los Angeles (NYP) Dodgers batting - Pitching for State College Spikes : RHP T.J. Stahlman
|
|
Pitching: LHP Daniel Aguayo
|
|
|
Now at 3B: Keith Rice
|
|
|
Batting: RHB Juan Gallegos
|
0-0: Ball 1-0: Called Strike 1-1: Called Strike 1-2: Ball 2-2: Foul Ball, location: 2F 2-2: Strikes out swinging
|
|
Batting: RHB Manny Mendoza
|
0-0: Ball 1-0: SOLO HOME RUN (Flyball, 9D, EV 98.8 MPH), Distance : 385 ft
|
|
Batting: RHB Brad Brady
|
0-0: Called Strike 0-1: Swinging Strike 0-2: Foul Ball, location: 2F 0-2: Strikes out swinging
|
|
Batting: RHB Bob Magana
|
0-0: Called Strike 0-1: Ball 1-1: Foul Ball, location: 2F 1-2: Ball 2-2: Ground out 4-3 (Groundball, 6M, EV 105.0 MPH)
|
| Bottom of the 9th over - 1 run, 1 hit, 0 errors, 0 left on base; State College 2 - Los Angeles (NYP) 2 |
| TOP OF THE 10TH |
|
State College Spikes batting - Pitching for Los Angeles (NYP) Dodgers : RHP Jared Wisham
|
|
Batting: LHB Colin Worthington
|
0-0: Called Strike 0-1: Called Strike 0-2: Ball 1-2: Ball 2-2: Foul Ball, location: 2F 2-2: Foul Ball, location: 2F 2-2: Ball 3-2: Fly out, F7 (Line Drive, 78M, EV 93.8 MPH)
|
|
Batting: LHB Ken Morehead
|
0-0: Foul Ball, location: 2F 0-1: Ball 1-1: Ball 2-1: SINGLE (Groundball, 6, EV 106.9 MPH)
|
|
Batting: RHB Sam Daw
|
0-0: Called Strike 0-1: Ball 1-1: Called Strike 1-2: Strikes out swinging
|
|
Batting: RHB Bobby Miles
|
0-0: Called Strike 0-1: SINGLE (Line Drive, 6MD, EV 99.4 MPH) Ken Morehead to second Runner from 2nd tries for 3rd, SAFE, throw by CF made to third
|
|
Batting: RHB Kyle Burns
|
0-0: Ball 1-0: Foul Ball, location: 2F 1-1: Ground out 1-3 (Groundball, P, EV 66.9 MPH)
|
| Top of the 10th over - 0 runs, 2 hits, 0 errors, 2 left on base; State College 2 - Los Angeles (NYP) 2 |
| BOTTOM OF THE 10TH |
|
Los Angeles (NYP) Dodgers batting - Pitching for State College Spikes : LHP Daniel Aguayo
|
|
Batting: SHB Josh Vaill
|
0-0: Swinging Strike 0-1: Swinging Strike 0-2: Ball 1-2: Ball 2-2: Strikes out swinging
|
|
Batting: LHB Bobby Gambrell
|
0-0: Swinging Strike 0-1: Foul Ball, location: 2F 0-2: Strikes out swinging
|
|
Batting: SHB Alex Noval
|
0-0: Foul Ball, location: 2F 0-1: Ball 1-1: Swinging Strike 1-2: Strikes out swinging
|
| Bottom of the 10th over - 0 runs, 0 hits, 0 errors, 0 left on base; State College 2 - Los Angeles (NYP) 2 |
| TOP OF THE 11TH |
|
State College Spikes batting - Pitching for Los Angeles (NYP) Dodgers : RHP Jared Wisham
|
|
Pitching: RHP Alfredo Sanchez
|
|
|
Batting: LHB Dwain Ashford
|
0-0: Ball 1-0: Reached on error, E4 (Groundball, 4, EV 88.1 MPH)
|
|
Batting: SHB Hank Arias
|
0-0: Bunt missed! 0-1: Bunt missed! 0-2: Ball 1-2: Ball Wild Pitch! Dwain Ashford to second 2-2: Ball Wild Pitch! Dwain Ashford to third 3-2: Base on Balls
|
|
Batting: LHB Keith Rice
|
0-0: Foul Ball, location: 2F 0-1: Foul Ball, location: 2F 0-2: Strikes out looking
|
|
Batting: RHB Robby Hickman
|
0-0: Ball Hank Arias steals 2nd base (no throw) 1-0: Swinging Strike 1-1: Ball 2-1: Ball 3-1: Foul Ball, location: 2F 3-2: Strikes out looking
|
|
Batting: LHB Colin Worthington
|
0-0: Intentional Walk
|
|
Batting: LHB Ken Morehead
|
0-0: Called Strike 0-1: Foul Ball, location: 2F 0-2: Ball 1-2: Ball 2-2: Strikes out swinging
|
| Top of the 11th over - 0 runs, 0 hits, 1 error, 3 left on base; State College 2 - Los Angeles (NYP) 2 |
| BOTTOM OF THE 11TH |
|
Los Angeles (NYP) Dodgers batting - Pitching for State College Spikes : LHP Daniel Aguayo
|
|
Pitching: RHP Mike Cain
|
|
|
Batting: RHB Chad Rojas
|
0-0: Ball 1-0: Foul Ball, location: 2F 1-1: Called Strike 1-2: Ball 2-2: Foul Ball, location: 2F 2-2: Fly out, F6 (Popup, 6MD, EV 57.5 MPH)
|
|
Batting: RHB Tommy Hunter
|
0-0: Ground out 6-3 (Groundball, 6, EV 106.2 MPH)
|
|
Batting: RHB Juan Gallegos
|
0-0: Swinging Strike 0-1: Swinging Strike 0-2: Foul Ball, location: 2F 0-2: Strikes out swinging
|
| Bottom of the 11th over - 0 runs, 0 hits, 0 errors, 0 left on base; State College 2 - Los Angeles (NYP) 2 |
| TOP OF THE 12TH |
|
State College Spikes batting - Pitching for Los Angeles (NYP) Dodgers : RHP Alfredo Sanchez
|
|
Batting: RHB Sam Daw
|
0-0: Ball 1-0: Called Strike 1-1: Foul Ball, location: 2F 1-2: Ball 2-2: Ball 3-2: Strikes out swinging
|
|
Pitching: RHP Charles Durand
|
|
|
Batting: RHB Bobby Miles
|
0-0: Ball 1-0: Foul Ball, location: 2F 1-1: SINGLE (Line Drive, 9S, EV 107.5 MPH)
|
|
Batting: RHB Kyle Burns
|
0-0: Foul Ball, location: 2F 0-1: Ball 1-1: Swinging Strike 1-2: Ball 2-2: SINGLE (Flyball, 6D, EV 96.2 MPH) Bobby Miles to second
|
|
Batting: LHB Dwain Ashford
|
0-0: Ball Bobby Miles steals 3rd base 1-0: Foul Ball, location: 2F 1-1: Fielders Choice at 2nd, 3-6 (Groundball, 3, EV 85.0 MPH) Bobby Miles scores
|
|
Batting: SHB Hank Arias
|
0-0: Ball 1-0: Called Strike 1-1: Ball 2-1: Ball 3-1: Base on Balls Dwain Ashford to second
|
|
Batting: LHB Keith Rice
|
0-0: Called Strike 0-1: Swinging Strike 0-2: Fielders Choice at 2nd, 6-4 (Groundball, 6, EV 87.5 MPH)
|
| Top of the 12th over - 1 run, 2 hits, 0 errors, 2 left on base; State College 3 - Los Angeles (NYP) 2 |
| BOTTOM OF THE 12TH |
|
Los Angeles (NYP) Dodgers batting - Pitching for State College Spikes : RHP Mike Cain
|
|
Batting: RHB Manny Mendoza
|
0-0: Called Strike 0-1: Foul Ball, location: 2F 0-2: Ball 1-2: Ball 2-2: Strikes out looking
|
|
Batting: RHB Brad Brady
|
0-0: Called Strike 0-1: Ball 1-1: Called Strike 1-2: Ball 2-2: Strikes out swinging
|
|
Batting: RHB Bob Magana
|
0-0: Called Strike 0-1: Ball 1-1: Ball 2-1: Foul Ball, location: 2F 2-2: Strikes out looking
|
| Bottom of the 12th over - 0 runs, 0 hits, 0 errors, 0 left on base; State College 3 - Los Angeles (NYP) 2 |
|